 Dungeon Crawl Stone Soup version 0.19-a0-1937-g70ed36a (webtiles) character file.

529367 motkustrk the Hoplite (level 25, -26/169 HPs)
             Began as a Gargoyle Berserker on Oct 26, 2016.
             Was a High Priest of Trog.
             Killed from afar by an ancient lich (88 damage)
             ... with an iron shot
             ... on level 5 of the Realm of Zot.
             The game lasted 02:22:16 (48408 turns).

motkustrk the Hoplite (Gargoyle Berserker)         Turns: 48408, Time: 02:22:17

Health: -26/169    AC: 49    Str: 30    XL:     25   Next: 58%
Magic:  23/23      EV: 21    Int: 13    God:    Trog [*****.]
Gold:   1648       SH: 38    Dex: 19    Spells: 0 memorised, 24 levels left

rFire  + + .     SeeInvis .     T - +9 demon whip (flame)
rCold  + . .     Gourm    .     e - +1 scale mail of Generosity {-Cast rF++ MR+ rCorr}
rNeg   + . .     Faith    .     K - +8 large shield
rPois  ∞         Spirit   .     V - +3 hat of Cieffodgh {+Inv MR+ Str-2 Dex+4}
rElec  +         Reflect  +     f - +1 cloak
rCorr  +         Harm     .     d - +0 pair of gloves
MR     +++..     NoCast   +     j - +1 pair of boots {Stlth+}
Stlth  +++.......               E - amulet "Zowayrch" {Reflect Str+3 Int+3 Dex+4 SH+4}
                                O - ring of Robustness {AC+8}
                                I - ring of protection from cold

@: flying, drained
A: big wings, negative energy resistance 1, electricity resistance, unbreathing,
petrification resistance, rot immunity, AC +19
a: Stop Flying, Berserk, Trog's Hand, Brothers in Arms, Burn Spellbooks,
Renounce Religion, Evoke Invisibility
}: 3/15 runes: barnacled, silver, gossamer


You were on level 5 of the Realm of Zot.
You worshipped Trog.
Trog was extremely pleased with you.
You were full.

You visited 8 branches of the dungeon, and saw 46 of its levels.
You also visited: Labyrinth, Sewer, Ossuary and Ice Cave.

You collected 5814 gold pieces.
You spent 4166 gold pieces at shops.

Inventory:

Hand Weapons
 i - a +8 broad axe of chopping
 T - a +9 demon whip of flaming (weapon)
Missiles
 u - 15 javelins of penetration (quivered)
Armour
 d - a +0 pair of gloves (worn)
 e - the +1 scale mail of Generosity (worn) {-Cast rF++ MR+ rCorr}
   (You found it on level 3 of the Depths)

   It greatly protects you from fire.
   It affects your resistance to hostile enchantments.
   It prevents spellcasting.
   It protects you from acid and corrosion.
 f - a +1 cloak (worn)
 j - a +1 pair of boots of stealth (worn)
 B - the +4 robe of Augmentation {Str+4 Int+4 Dex+4}
   (You found it on level 10 of the Dungeon)

   It affects your strength (+4).
   It affects your intelligence (+4).
   It affects your dexterity (+4).
 K - a +8 large shield (worn)
 V - the +3 hat of Cieffodgh (worn) {+Inv MR+ Str-2 Dex+4}
   (You acquired it on level 12 of the Dungeon)

   It affects your strength (-2).
   It affects your dexterity (+4).
   It affects your resistance to hostile enchantments.
   It lets you turn invisible.
Jewellery
 b - an uncursed ring of resist corrosion
 g - the ring "Yqaebb" {Fire rPois Int-5 SInv Stlth+}
   (You acquired it on level 2 of the Spider Nest)

   [ring of fire]

   It enhances your fire magic.
   It affects your intelligence (-5).
   It protects you from fire.
   It makes you vulnerable to cold.
   It protects you from poison.
   It lets you see invisible.
   It makes you more stealthy.
 h - an uncursed ring of protection from magic
 r - an uncursed ring of protection from fire
 E - the amulet "Zowayrch" (around neck) {Reflect Str+3 Int+3 Dex+4 SH+4}
   (You acquired it on level 1 of the Shoals)

   [amulet of reflection]

   It shields you and reflects attacks.
   It affects your strength (+3).
   It affects your intelligence (+3).
   It affects your dexterity (+4).
   It affects your SH (+4).
 I - a ring of protection from cold (left hand)
 O - the ring of Robustness (right hand) {AC+8}
   (You acquired it on level 1 of the Shoals)

   [ring of protection]

   It affects your AC (+8).
 X - the ring "Koukedi" {rF++ MR- Stlth-}
   (You found it on level 5 of the Vaults)

   [ring of loudness]

   It greatly protects you from fire.
   It affects your resistance to hostile enchantments.
   It makes you less stealthy.
Wands
 q - a wand of teleportation (5/9)
 x - a wand of heal wounds (4/9)
 N - a wand of disintegration (12/24)
 P - a wand of digging (10/24)
Scrolls
 k - a scroll of teleportation
 n - a scroll of enchant armour
 o - a scroll of acquirement
 p - 23 scrolls of remove curse
 y - a scroll of silence
 D - 5 scrolls of identify
 F - 11 scrolls of recharging
 J - 3 scrolls of fog
 M - a scroll of holy word
 Q - 6 scrolls of magic mapping
 S - 5 scrolls of blinking
 Y - 7 scrolls of fear
Potions
 a - 19 potions of curing
 l - 5 potions of berserk rage
 m - 9 potions of ambrosia
 s - a potion of haste
 t - 5 potions of resistance
 v - 8 potions of might
 z - 6 potions of heal wounds
 A - 8 potions of agility
 C - 5 potions of magic
 G - 6 potions of cure mutation
 H - 5 potions of invisibility
 L - 3 potions of cancellation
 Z - a potion of brilliance
Books
 R - a book of the Dragon

   Spells                             Type                      Level
   a - Flame Tongue                   Conjuration/Fire             1
   b - Cause Fear                     Hexes                        4
   c - Bolt of Fire                   Conjuration/Fire             6
   d - Dragon Form                    Transmutation                7
   e - Dragon's Call                  Summoning                    9
   Trog disapproves of the use of such an item.
 U - a book of Cantrips

   Spells                             Type                      Level
   a - Confusing Touch                Hexes                        1
   b - Animate Skeleton               Necromancy                   1
   c - Summon Small Mammal            Summoning                    1
   d - Apportation                    Translocation                1
   Trog disapproves of the use of such an item.
Comestibles
 c - 27 bread rations
 w - 12 meat rations
 W - 2 chunks of flesh


   Skills:
 + Level 20.4(20.0) Fighting
 - Level 6.2(14.0) Axes
 + Level 20.9(20.8) Maces & Flails
 + Level 18.4(18.1) Armour
 + Level 13.2(12.9) Dodging
 - Level 8.6(8.3) Stealth
 + Level 23.7(23.3) Shields


You had 24 spell levels left.
You didn't know any spells.

Dungeon Overview and Level Annotations

Branches:
Dungeon (15/15)            Temple (0/1) D:6            Lair (6/6) D:9
 Shoals (4/4) Lair:2       Spider (4/4) Lair:4        Slime (0/5) Lair:6
    Orc (2/2) D:10            Elf (0/3) Orc:2        Vaults (5/5) D:14
  Crypt (0/3) Vaults:2     Depths (5/5) D:15            Zot (5/5) Depths:5

Altars:
Sif Muna
The Shining One
Beogh
Jiyva

Shops:
D:8 }   D:12 *%?   Orc:2 !(?}   Shoals:1 :   Shoals:3 [   Vaults:1 (

Portals:
Hell: Depths:1 Depths:2 Depths:3 Depths:4 Depths:5
Abyss: Depths:4 Depths:5
Ziggurat: Depths:2
Trove: D:11 (give 8 potions of agility)

Annotations:
Lair:6 1 runed door


Innate Abilities, Weirdness & Mutations

You are resistant to torment.
Your stone body is resilient. (AC +19)
You are immune to poison.
Your large and strong wings let you fly indefinitely.
You resist negative energy. (rN+)
You are resistant to electric shocks. (rElec)
You can survive without breathing.
You are immune to petrification.
You are immune to rotting.


Message History

You hit something but do no damage. Something closely misses you.
You whack something! You burn something. You miss something.
Something touches you but does no damage.
You hit something but do no damage. You hit something. You burn something.
You block something's attack.
Your troll goes berserk!
You feel quite a bit less full.
You block the electric golem's attack. x4
The electric golem blinks!
Something touches you but does no damage.
Unknown command.
You hit something. You hit something. You burn something.
Something closely misses you.
You hit something but do no damage. You thrash something!! You burn something.
The electric golem blinks!
You hear some strange, mumbled words.
An iron shot appears from out of thin air!
The iron shot hits you!
Ouch! That really hurt!
You die...

..<.....<..##...##(...
.....8.....#.......... ..
...........#...[......
..##..8...8..##...[......
##..##.......##...........
..............)####.).####
.......####.###)###...#
.........#{## ##)##...#
....§.T<.@## ##)#####
........§#########⌠#######
..##...............).....
#...#.####.....#)#####
#....#⌠.........##)##
#....(.......#...###)##
#.............#######)##
#....#..⌠###8........##.#
#.######### #.........###.


You could see a friendly troll (berserk).

Vanquished Creatures
  An ancient lich (Depths:4)
  A juggernaut (Depths:3)
  Sojobo (Depths:1)
  A caustic shrike (Depths:2)
  Saint Roka (Vaults:4)
  A golden dragon (Zot:1)
  the Enchantress (Depths:1)
  Nikola (Shoals:4)
  A bone dragon (Vaults:2)
  Arachne (Spider:4)
  An electric golem (Zot:5)
  7 tentacled monstrosities
  A lich (Vaults:4)
  4 titans
  6 death cobs
  A kraken (Shoals:1)
  5 sphinxes
  Agnes (Spider:2)
  Roxanne (Spider:1)
  The ghost of happinesssam the Severer, an adept HuBe of Trog (Spider:3)
  9 storm dragons
  8 shadow dragons
  Ilsuiw (Shoals:4)
  8 tengu reavers
  Donald (Vaults:3)
  A storm dragon (shapeshifter) (Vaults:5)
  Kirke (D:12)
  A draconian monk (Depths:5)
  9 fire giants
  The ghost of patrickswayze the Black Belt, an adept OpMo of Hepliaklqana (Shoals:3)
  9 frost giants
  Aizul (Vaults:4)
  3 deep elf sorcerers
  8 ghost moths
  An orc warlord (Orc:2)
  3 draconian scorchers
  4 emperor scorpions
  10 vault wardens
  A draconian zealot (Zot:5)
  Louise (D:15)
  2 draconian knights
  3 draconian shifters
  3 spriggan defenders
  3 deep elf elementalists
  10 ironheart preservers
  14 very ugly things
  A war gargoyle (Vaults:5)
  2 caustic shrike skeletons (Depths:4)
  A draconian caller (Depths:5)
  9 entropy weavers
  16 stone giants
  3 black draconians
  2 green draconians (Zot:3)
  2 deep elf demonologists
  3 deep elf annihilators
  Nessos (D:13)
  A mottled draconian (Zot:4)
  6 red draconians
  5 spark wasps
  2 white draconians
  2 purple draconians
  A merfolk javelineer (Shoals:2)
  6 ettins
  3 jiangshi (Depths:4)
  A minotaur (Lab)
  15 merfolk impalers
  12 fire dragons
  18 yaktaur captains
  11 great orbs of eyes
  Josephine (Lair:5)
  3 deep elf high priests (Depths:4)
  6 hydras
  A great orb of eyes (shapeshifter) (Depths:4)
  2 catoblepae
  13 ice dragons
  18 vault guards
  A catoblepas (shapeshifter) (Vaults:5)
  6 spriggan air magi
  7 rakshasas
  6 merfolk aquamancers
  An alligator snapping turtle (Shoals:4)
  4 merfolk avatars
  12 centaur warriors
  11 death yaks
  4 deep troll earth magi
  5 death knights
  9 deep troll shamans
  4 spriggan berserkers
  11 ogre magi
  A titan zombie (Vaults:3)
  5 orc high priests
  Sonja (D:10)
  The ghost of p0werm0de the Martial Artist, a novice OpWr of Uskayaw (Orc:1)
  5 vampire magi
  3 tengu warriors (Depths:1)
  31 slime creatures
  7 iron trolls
  A salamander mystic (Depths:1)
  8 skeletal warriors
  A fire crab (shapeshifter) (Vaults:3)
  A deep troll (shapeshifter) (Vaults:5)
  A shadow wraith (Vaults:4)
  9 hell knights
  3 unseen horrors
  21 deep trolls
  12 flayed ghosts
  11 sea snakes
  10 glowing orange brains
  3 phantasmal warriors
  2 deep elf archers
  12 harpies
  7 wizards
  18 ironbrand convokers
  21 orb spiders
  40 wolf spiders
  A mana viper (shapeshifter) (D:15)
  11 necromancers
  19 ugly things
  11 hill giants
  A shining eye (shapeshifter) (Depths:2)
  9 fauns
  A fire giant zombie (Vaults:4)
  11 orc knights
  11 deep elf magi
  A frost giant zombie (Vaults:4)
  12 cyclopes
  3 salamanders (Depths:1)
  5 orc sorcerers
  12 moths of wrath
  A cyclops (shapeshifter) (Depths:4)
  19 manticores
  10 sirens
  A guardian serpent (Lair:6)
  19 elephants
  2 human skeletons
  8 black mambas
  17 vault sentinels
  2 torpor snails
  4 gargoyles (Lab)
  Joseph (D:7)
  A hellion (Depths:1)
  5 water nymphs
  2 human zombies (Vaults:4)
  16 spiny frogs
  5 spectral swamp worms (Depths:5)
  9 komodo dragons
  A kobold demonologist (D:14)
  A hellwing (Depths:1)
  A yaktaur (shapeshifter) (Vaults:2)
  The ghost of Leszczynek the Cudgeler, a novice HaWn of Kikubaaqudgha (D:5)
  39 yaktaurs
  16 demonic crawlers
  An efreet (D:14)
  3 rime drakes
  19 freezing wraiths
  2 tengu conjurers (Depths:1)
  A komodo dragon (shapeshifter) (D:15)
  A harpy zombie (D:15)
  25 merfolk
  2 hornets (shapeshifter)
  A queen bee (Lair:2)
  2 trolls (shapeshifter)
  10 trolls
  23 jumping spiders
  10 blink frogs
  15 two-headed ogres
  3 wind drakes
  14 hornets
  A blink frog (shapeshifter) (Depths:4)
  11 dream sheep
  9 hippogriffs
  2 snapping turtles
  A fire giant simulacrum (Vaults:2)
  Sigmund (D:5)
  2 vampires (D:13)
  A shadow (D:14)
  18 tarantellas
  2 spriggans
  A tarantella (shapeshifter) (D:14)
  25 yaks
  32 water elementals
  An ettin skeleton (Vaults:4)
  8 wraiths
  43 redbacks
  A basilisk (Lair:1)
  A yak (shapeshifter) (Depths:1)
  11 wyverns
  2 hogs (shapeshifter)
  A human (D:7)
  Eustachio (D:5)
  6 hungry ghosts
  A steam dragon (D:9)
  7 hogs
  Menkaure (D:5)
  A death yak simulacrum (IceCv)
  2 insubstantial wisps
  11 wargs
  A mottled dragon (Vaults:1)
  2 soldier ants (shapeshifter)
  A swamp worm (shapeshifter) (Depths:4)
  A warg (shapeshifter) (Depths:4)
  The ghost of varam the Conjurer, an amateur DECj of Vehumet (D:4)
  The ghost of vev the Skirmisher, an amateur VSAK of Lugonu (D:3)
  A hell hound (shapeshifter) (Vaults:4)
  9 porcupines
  A hell hound (Depths:1)
  16 water moccasins
  2 elf zombies (Vaults:3)
  An eye of draining (D:14)
  8 sky beasts
  10 ice beasts
  41 orc warriors
  A sky beast (shapeshifter) (Vaults:4)
  2 black bears
  10 phantoms
  An ettin simulacrum (Vaults:2)
  2 necrophages (D:10)
  43 ogres
  16 wolves
  12 boggarts
  12 crocodiles
  9 centaurs
  A big kobold (shapeshifter) (Depths:1)
  4 big kobolds
  22 bullfrogs
  A bullfrog (shapeshifter) (Vaults:1)
  A water moccasin zombie (D:9)
  5 scorpions
  43 killer bees
  4 troll zombies
  An elf simulacrum (Vaults:4)
  4 electric eels
  4 howler monkeys
  9 crimson imps
  A bullfrog zombie (D:6)
  4 draconian simulacra (IceCv)
  A quasit (D:7)
  4 centaur zombies
  12 hounds
  6 jellies
  7 centaur skeletons
  42 orc wizards
  A gnoll shaman (D:6)
  39 orc priests
  5 iguanas
  16 worker ants
  A troll simulacrum (IceCv)
  A spriggan simulacrum (IceCv)
  2 polar bear simulacra (IceCv)
  A wolf simulacrum (IceCv)
  A big kobold zombie (Ossuary)
  7 ogre zombies
  4 centaur simulacra
  7 mummies (Ossuary)
  A worker ant zombie (D:11)
  11 gnolls
  A river rat (D:4)
  21 adders
  5 shadow imps
  24 white imps
  An ooze (Sewer)
  An adder skeleton (D:5)
  5 adder zombies (Ossuary)
  3 worms
  7 leopard geckos
  115 orcs
  7 ball pythons
  12 giant cockroaches
  A gnoll zombie (Ossuary)
  3 hobgoblins
  14 jackals
  6 quokkas
  8 bats
  4 frilled lizards
  9 goblins
  3 goblin skeletons (D:10)
  6 goblin zombies
  9 hobgoblin zombies
  30 kobolds
  4 kobold zombies (Ossuary)
  3 orc skeletons (D:10)
  13 orc zombies (D:10)
  A quokka zombie (Ossuary)
  10 rats
  4 rat zombies (Ossuary)
  A fungus (Depths:1)
  A plant (Shoals:3)
  4 tentacles (Shoals:1)
2075 creatures vanquished.

Vanquished Creatures (collateral kills)
  Bai Suzhen (Vaults:5)
  A caustic shrike (Depths:4)
  3 tentacled monstrosities
  A titan (Vaults:5)
  A quicksilver dragon (Vaults:5)
  A sphinx (Depths:4)
  A storm dragon (Vaults:5)
  An iron dragon (Depths:4)
  2 fire giants
  A deep elf sorcerer (Vaults:5)
  A draconian shifter (Zot:3)
  A vault warden (Vaults:5)
  A war gargoyle (Vaults:5)
  A stone giant (Depths:4)
  A fire dragon (Depths:4)
  A merfolk impaler (Shoals:4)
  A rakshasa (Depths:1)
  11 vault guards (Vaults:5)
  A centaur warrior (Depths:1)
  2 ice dragons
  A spriggan air mage (Depths:2)
  A merfolk aquamancer (Shoals:4)
  A tengu warrior (Depths:1)
  A dancing weapon (Vaults:5)
  An orc high priest (Orc:2)
  A spriggan berserker (Depths:4)
  A flayed ghost (Depths:4)
  An orc sorcerer (Orc:2)
  5 orb spiders
  A wolf spider (Spider:4)
  A siren (Shoals:4)
  A yaktaur (Vaults:5)
  2 demonic crawlers (Spider:4)
  A troll (Orc:2)
  2 jumping spiders
  2 merfolk (Shoals:4)
  A hornet (Spider:4)
  2 slime creatures (Depths:1)
  A tarantella (Spider:4)
  3 redbacks
  3 water elementals
  2 wargs (Orc:2)
  An orc warrior (Orc:1)
  An ogre (Orc:1)
  2 orc priests (Orc:2)
  An orc wizard (Orc:1)
  5 orcs
  2 crawling corpses (Depths:4)
81 creatures vanquished.

Vanquished Creatures (others)
  An ice dragon (Vaults:3)
  2 centaur warriors (Depths:4)
  A satyr (Shoals:2)
  2 cyclopes
  A siren (Shoals:4)
  A vault sentinel (Vaults:1)
  16 yaktaurs
  A merfolk (Shoals:4)
  4 humans (D:12)
  An eye of draining (D:11)
  An orc warrior (Vaults:1)
  A jelly (D:12)
  A hound (D:9)
  3 orcs
  8 fungi
  25 plants
  10 tentacles (Shoals:1)
79 creatures vanquished.

Grand Total: 2235 creatures vanquished

Notes
Turn   | Place    | Note
-------+----------+-------------------------------------------
     0 | D:1      | motkustrk the Gargoyle Berserker began the quest for the Orb.
     0 | D:1      | Reached XP level 1. HP: 14/14 MP: 1/1
   210 | D:1      | Reached XP level 2. HP: 15/19 MP: 2/2
   582 | D:1      | Reached ** piety under Trog
   911 | D:2      | Reached XP level 3. HP: 18/23 MP: 3/3
  1166 | D:2      | Reached XP level 4. HP: 24/29 MP: 4/4
  1806 | D:3      | Found a glowing golden altar of the Shining One.
  2035 | D:3      | Noticed vev's ghost (amateur VSAK)
  2056 | D:3      | Killed vev's ghost
  2056 | D:3      | Reached skill level 5 in Maces & Flails
  2056 | D:3      | Reached XP level 5. HP: 33/33 MP: 5/5
  2225 | D:3      | Reached *** piety under Trog
  2304 | D:3      | Reached XP level 6. HP: 39/39 MP: 6/6
  2629 | D:4      | Noticed a phantom
  2820 | D:4      | Found a glowing drain.
  2828 | Sewer    | Entered a sewer
  2948 | Sewer    | Reached **** piety under Trog
  3137 | Sewer    | Reached XP level 7. HP: 44/44 MP: 7/7
  3223 | D:4      | Reached skill level 5 in Fighting
  3337 | D:4      | Noticed varam's ghost (amateur DECj)
  3342 | D:4      | Killed varam's ghost
  3675 | D:4      | Reached skill level 5 in Armour
  3937 | D:5      | Entered Level 5 of the Dungeon
  3982 | D:5      | Found a sand-covered staircase.
  3987 | Ossuary  | Entered an ossuary
  3998 | Ossuary  | Reached XP level 8. HP: 44/51 MP: 8/8
  4009 | Ossuary  | Reached ***** piety under Trog
  4885 | D:5      | Noticed Menkaure
  5248 | D:5      | Noticed Eustachio
  5264 | D:5      | Killed Eustachio
  5472 | D:5      | Noticed Sigmund
  5504 | D:5      | Killed Sigmund
  5504 | D:5      | Received a gift from Trog
  5504 | D:5      | Reached XP level 9. HP: 46/56 MP: 9/9
  5508 | D:5      | Got an ichor-stained great mace {god gift}
  5511 | D:5      | Identified the +5 great mace "Ipedoib" {speed, Fragile +Fly rC++ Stlth+} (Trog gifted it to you on level 5 of the Dungeon)
  5532 | D:5      | Killed Menkaure
  5566 | D:5      | Noticed Leszczynek's ghost (novice HaWn)
  5580 | D:5      | Killed Leszczynek's ghost
  5769 | D:6      | Found a staircase to the Ecumenical Temple.
  6425 | D:7      | Reached skill level 10 in Maces & Flails
  6562 | D:7      | Reached XP level 10. HP: 56/64 MP: 10/10
  6856 | D:7      | Noticed Joseph
  6872 | D:7      | Killed Joseph
  7335 | D:8      | Found Fycselis's Gadget Shoppe.
  7342 | D:8      | Reached ****** piety under Trog
  7512 | D:8      | Received a gift from Trog
  7839 | D:9      | Reached XP level 11. HP: 64/71 MP: 11/11
  8042 | D:9      | Found a staircase to the Lair.
  8204 | Lair:1   | Entered Level 1 of the Lair of Beasts
  8804 | Lair:1   | Reached skill level 10 in Fighting
  9161 | Lair:2   | Found a labyrinth entrance.
  9181 | Lab      | Entered a labyrinth
  9281 | Lab      | Noticed a minotaur
  9310 | Lab      | Killed a minotaur
  9310 | Lab      | Reached skill level 10 in Armour
  9712 | Lair:2   | Reached XP level 12. HP: 62/78 MP: 12/12
  9746 | Lair:2   | Received a gift from Trog
  9955 | Lair:2   | Found a staircase to the Shoals.
 10538 | Lair:3   | Noticed a death yak
 10545 | Lair:3   | Noticed a death yak
 10545 | Lair:3   | Noticed a death yak
 10546 | Lair:3   | Noticed a death yak
 10546 | Lair:3   | Noticed a death yak
 10561 | Lair:3   | Killed a death yak
 10577 | Lair:3   | Killed a death yak
 10585 | Lair:3   | Killed a death yak
 10587 | Lair:3   | Killed a death yak
 10587 | Lair:3   | Reached skill level 5 in Dodging
 10597 | Lair:3   | Killed a death yak
 10914 | Lair:3   | Noticed an ice dragon
 10933 | Lair:3   | Killed an ice dragon
 11177 | Lair:4   | Received a gift from Trog
 11243 | Lair:4   | Reached XP level 13. HP: 73/84 MP: 13/13
 11812 | Lair:4   | Found a hole to the Spider Nest.
 12016 | Lair:4   | Reached skill level 15 in Maces & Flails
 12325 | Lair:5   | Received a gift from Trog
 12571 | Lair:5   | Noticed Josephine
 12591 | Lair:5   | Killed Josephine
 12985 | Lair:6   | Entered Level 6 of the Lair of Beasts
 12998 | Lair:6   | Gained mutation: Your large and strong wings let you fly indefinitely. [Gargoyle growth]
 12998 | Lair:6   | Reached XP level 14. HP: 92/92 MP: 14/14
 13371 | Lair:6   | Found a runed door.
 13373 | Lair:6   | Found a viscous altar of Jiyva.
 13373 | Lair:6   | Noticed an acid blob
 13374 | Lair:6   | Found a staircase to the Slime Pits.
 13588 | Lair:6   | Received a gift from Trog
 14850 | D:10     | Entered Level 10 of the Dungeon
 14850 | D:10     | Noticed Sonja
 14874 | D:10     | Killed Sonja
 15002 | D:10     | Found a staircase to the Orcish Mines.
 15033 | D:10     | Received a gift from Trog
 15117 | Orc:1    | Entered Level 1 of the Orcish Mines
 15338 | Orc:1    | Reached skill level 1 in Stealth
 15547 | Orc:1    | Noticed p0werm0de's ghost (novice OpWr)
 15553 | Orc:1    | Received a gift from Trog
 15578 | Orc:1    | Killed p0werm0de's ghost
 15793 | Orc:2    | Entered Level 2 of the Orcish Mines
 15799 | Orc:2    | Found a staircase to the Elven Halls.
 15831 | Orc:2    | Found a roughly hewn altar of Beogh.
 15847 | Orc:2    | Found a frozen archway.
 15891 | IceCv    | Entered an ice cave
 16310 | IceCv    | Reached XP level 15. HP: 74/99 MP: 15/15
 16348 | IceCv    | Found an ancient bone altar of Kikubaaqudgha.
 16352 | IceCv    | Received a gift from Trog
 16657 | Orc:2    | Received a gift from Trog
 16865 | Orc:2    | Noticed an orc warlord
 17511 | Orc:2    | Received a gift from Trog
 17675 | Orc:2    | Found Jorchioxe's Distillery.
 17680 | Orc:2    | Found Myturat's Weapon Emporium.
 17681 | Orc:2    | Found Cagicik's Gadget Shoppe.
 17686 | Orc:2    | Found Cyushra's Magic Scroll Shoppe.
 17690 | Orc:2    | Bought a potion of haste for 160 gold pieces
 17696 | Orc:2    | Bought a scroll of magic mapping for 52 gold pieces
 17696 | Orc:2    | Bought a scroll of recharging for 142 gold pieces
 17696 | Orc:2    | Bought a scroll of identify for 30 gold pieces
 17696 | Orc:2    | Bought a scroll of enchant weapon for 112 gold pieces
 17696 | Orc:2    | Bought a scroll of identify for 30 gold pieces
 17696 | Orc:2    | Bought a scroll of identify for 30 gold pieces
 17696 | Orc:2    | Bought a scroll of identify for 30 gold pieces
 17830 | Orc:2    | Killed an orc warlord
 18019 | Orc:1    | Paralysed by an orc sorcerer for 5 turns
 18339 | D:10     | Identified a scroll of acquirement
 18343 | D:10     | Got a pair of twisted boots
 18380 | D:10     | Identified the -3 pair of boots of the Gloaming {rN+ MP-9 Str+2 Stlth+} (You acquired it on level 10 of the Dungeon)
 18661 | D:11     | Received a gift from Trog
 18782 | D:11     | Found a portal to a secret trove of treasure.
 19157 | D:11     | Got a slimy ring mail
 19168 | D:11     | Identified the +4 ring mail "Forodo" {rC- rN+ MR++ Regen+} (You found it on level 11 of the Dungeon)
 19378 | D:12     | Noticed Kirke
 19410 | D:12     | Killed Kirke
 19429 | D:12     | Found Riudix's General Store.
 19769 | D:12     | Received a gift from Trog
 19826 | D:12     | Found Filoaff's Magic Scroll Boutique.
 19830 | D:12     | Bought a scroll of acquirement for 728 gold pieces
 19832 | D:12     | Got an ancient hat
 19843 | D:12     | Identified the +3 hat of Cieffodgh {+Inv MR+ Str-2 Dex+4} (You acquired it on level 12 of the Dungeon)
 19900 | D:12     | Found Vaic's Food Boutique.
 19980 | D:12     | Bought a scroll of identify for 28 gold pieces
 19980 | D:12     | Bought a scroll of enchant armour for 105 gold pieces
 19980 | D:12     | Bought a scroll of enchant armour for 105 gold pieces
 19980 | D:12     | Bought a scroll of enchant armour for 105 gold pieces
 19980 | D:12     | Bought a scroll of identify for 28 gold pieces
 19980 | D:12     | Bought a scroll of enchant weapon for 105 gold pieces
 20414 | D:13     | Reached skill level 5 in Stealth
 20429 | D:13     | Noticed Nessos
 20472 | D:13     | Killed Nessos
 21296 | D:14     | Reached XP level 16. HP: 62/106 MP: 16/16
 21475 | D:14     | Found a gate to the Vaults.
 21639 | D:14     | Received a gift from Trog
 22006 | D:15     | Entered Level 15 of the Dungeon
 22145 | D:15     | Noticed Louise
 22199 | D:15     | Killed Louise
 22814 | D:15     | Found a staircase to the Depths.
 22953 | Depths:1 | Entered Level 1 of the Depths
 22953 | Depths:1 | Noticed a tengu reaver
 22954 | Depths:1 | Noticed Sojobo
 22954 | Depths:1 | Noticed a tengu reaver
 23186 | Shoals:1 | Entered Level 1 of the Shoals
 23197 | Shoals:1 | Found Rexem's Book Boutique.
 23400 | Shoals:1 | Got a bound jade amulet
 23402 | Shoals:1 | Identified the amulet "Zowayrch" {Reflect Str+3 Int+3 Dex+4 SH+4} (You acquired it on level 1 of the Shoals)
 23741 | Shoals:1 | Found a deep blue altar of Sif Muna.
 23746 | Shoals:1 | Noticed a kraken
 23831 | Shoals:1 | Killed a kraken
 24029 | Shoals:1 | Reached skill level 10 in Dodging
 24076 | Shoals:1 | Reached XP level 17. HP: 112/112 MP: 17/17
 24228 | Shoals:1 | Reached skill level 1 in Shields
 24586 | Depths:1 | Reached skill level 2 in Shields
 24593 | Depths:1 | Received a gift from Trog
 24624 | Depths:1 | Killed Sojobo
 24624 | Depths:1 | Reached skill level 15 in Fighting
 24641 | Depths:1 | Reached skill level 3 in Shields
 25189 | Depths:1 | Reached skill level 4 in Shields
 25508 | Depths:1 | Reached skill level 5 in Shields
 25785 | Depths:1 | Found a gateway to Hell.
 25840 | Depths:1 | Reached skill level 6 in Shields
 26584 | Shoals:2 | Reached skill level 7 in Shields
 26623 | Shoals:2 | Reached XP level 18. HP: 120/120 MP: 18/18
 27082 | Shoals:2 | Reached skill level 8 in Shields
 27232 | Shoals:3 | Found Plog's Antique Armour Boutique.
 27442 | Shoals:3 | Noticed patrickswayze's ghost (adept OpMo)
 27482 | Shoals:3 | Killed patrickswayze's ghost
 27482 | Shoals:3 | Reached skill level 9 in Shields
 27916 | Shoals:4 | Entered Level 4 of the Shoals
 28060 | Shoals:4 | Received a gift from Trog
 28096 | Shoals:4 | Reached skill level 10 in Shields
 28529 | Shoals:4 | Reached skill level 11 in Shields
 28568 | Shoals:4 | Noticed Ilsuiw
 28659 | Shoals:4 | Noticed Nikola
 28690 | Shoals:4 | Killed Nikola
 28716 | Shoals:4 | Killed Ilsuiw
 28763 | Shoals:4 | Reached skill level 12 in Shields
 28864 | Shoals:4 | Got a faintly glowing halberd
 28871 | Shoals:4 | Identified the cursed +3 halberd of Dishonesty {pain, rC- rN+ Int+5} (You found it on level 4 of the Shoals)
 29311 | Shoals:4 | Got a barnacled rune of Zot
 29503 | Spider:1 | Entered Level 1 of the Spider Nest
 29591 | Spider:1 | Reached skill level 13 in Shields
 29728 | Spider:1 | Noticed Roxanne
 29766 | Spider:1 | Killed Roxanne
 29917 | Spider:1 | Received a gift from Trog
 30329 | Spider:2 | Reached XP level 19. HP: 125/125 MP: 19/19
 30416 | Spider:2 | Reached skill level 14 in Shields
 30722 | Spider:2 | Noticed Agnes
 30754 | Spider:2 | Killed Agnes
 31153 | Spider:2 | Got a clouded wooden ring
 31155 | Spider:2 | Identified the ring "Yqaebb" {Fire rPois Int-5 SInv Stlth+} (You acquired it on level 2 of the Spider Nest)
 31318 | Spider:3 | Reached skill level 15 in Shields
 31346 | Spider:3 | Noticed happinesssam's ghost (adept HuBe)
 31419 | Spider:3 | Killed happinesssam's ghost
 31449 | Spider:3 | Received a gift from Trog
 31940 | Spider:4 | Entered Level 4 of the Spider Nest
 32159 | Spider:4 | Received a gift from Trog
 32164 | Spider:4 | Reached skill level 16 in Shields
 32702 | Spider:4 | Noticed Arachne
 32713 | Spider:4 | Killed Arachne
 32713 | Spider:4 | Reached skill level 17 in Shields
 32823 | Spider:4 | Got a gossamer rune of Zot
 33423 | D:13     | Received a gift from Trog
 33453 | Vaults:1 | Entered Level 1 of the Vaults
 33515 | Vaults:1 | Reached XP level 20. HP: 116/131 MP: 16/20
 33528 | Vaults:1 | Reached skill level 18 in Shields
 33723 | Vaults:1 | Received a gift from Trog
 33854 | Vaults:1 | Reached skill level 19 in Shields
 34245 | Vaults:1 | Found Efim's Weapon Shoppe.
 34676 | Vaults:1 | Received a gift from Trog
 34707 | Vaults:1 | Reached skill level 20 in Shields
 35403 | Vaults:2 | Received a gift from Trog
 35722 | Vaults:2 | Reached XP level 21. HP: 136/136 MP: 21/21
 35726 | Vaults:2 | Received a gift from Trog
 36051 | Vaults:2 | Noticed a bone dragon
 36054 | Vaults:2 | Found a staircase to the Crypt.
 36065 | Vaults:2 | Killed a bone dragon
 36354 | Vaults:3 | Reached skill level 21 in Shields
 37144 | Shoals:3 | Bought glowing fire dragon scales for 2376 gold pieces
 37752 | Vaults:3 | Noticed Donald
 37766 | Vaults:3 | Killed Donald
 37766 | Vaults:3 | Received a gift from Trog
 38576 | Vaults:4 | Got a bloodstained scale mail
 38577 | Vaults:4 | Identified the +4 scale mail "Tuinia" {*Contam *Drain rN+++ Int+3} (You found it on level 4 of the Vaults)
 38809 | Vaults:4 | Noticed Aizul
 38833 | Vaults:4 | Killed Aizul
 38988 | Vaults:4 | Received a gift from Trog
 39085 | Vaults:4 | Noticed Saint Roka
 39131 | Vaults:4 | Killed Saint Roka
 39612 | Vaults:4 | Reached XP level 22. HP: 145/145 MP: 22/22
 39796 | Vaults:5 | Entered Level 5 of the Vaults
 39796 | Vaults:5 | Noticed Bai Suzhen
 39839 | Vaults:5 | Reached skill level 15 in Armour
 39874 | Vaults:5 | Killed Bai Suzhen
 39886 | Vaults:5 | Received a gift from Trog
 40372 | Vaults:5 | Reached skill level 22 in Shields
 40695 | Vaults:5 | Got a heavily runed tin ring
 40895 | Vaults:5 | Identified the ring of Qica Roi {rPois Str-2 Int+5} (You took it off a vault guard on level 5 of the Vaults)
 40923 | Vaults:5 | Got a pitted turquoise ring
 41063 | Vaults:5 | Got a silver rune of Zot
 41082 | Vaults:5 | Received a gift from Trog
 41184 | Vaults:4 | Reached XP level 23. HP: 58/152 MP: 23/23
 41221 | Vaults:3 | Identified the ring "Koukedi" {rF++ MR- Stlth-} (You found it on level 5 of the Vaults)
 41414 | Depths:2 | Found a gateway to a ziggurat.
 41527 | Depths:2 | Got a fine plate armour
 41528 | Depths:2 | Identified the cursed +1 plate armour "Uzenk" {rC+ Str+2} (You found it on level 2 of the Depths)
 41613 | Depths:2 | Found a runed door.
 41613 | Depths:2 | Noticed a caustic shrike
 41653 | Depths:2 | Killed a caustic shrike
 41679 | Depths:2 | Gained mutation: You are weak. (Str -2) [a shining eye]
 41681 | Depths:2 | Lost mutation: You are weak. (Str -2) [potion of cure mutation]
 41752 | Depths:2 | Noticed the Enchantress
 42144 | Depths:1 | Reached skill level 1 in Axes
 42421 | Depths:1 | Killed the Enchantress
 42426 | Depths:1 | Got faerie dragon scales
 42429 | Depths:1 | Identified the +4 faerie dragon scales {Regen+ MP+9 Str+2} (You took it off the Enchantress on level 1 of the Depths)
 42977 | Depths:3 | Received a gift from Trog
 43018 | Depths:3 | Got an ancient morningstar {god gift}
 43019 | Depths:3 | Identified the +3 morningstar "Ygecwoext" {crush, Dex+2} (Trog gifted it to you on level 3 of the Depths)
 43044 | Depths:3 | Noticed a juggernaut
 43079 | Depths:3 | Killed a juggernaut
 43103 | Depths:3 | Got a crystal mace
 43104 | Depths:3 | Identified the +9 mace of the Hundredfold Moons {protect, rN+ MR- Int+3} (You found it on level 3 of the Depths)
 43116 | Depths:3 | Got a bloodstained scale mail
 43122 | Depths:3 | Got blackened ice dragon scales
 43123 | Depths:3 | Identified the cursed +1 ice dragon scales of Brilliance {-Tele rF- rC++ rN++} (You found it on level 3 of the Depths)
 43124 | Depths:3 | Identified the +1 scale mail of Generosity {-Cast rF++ MR+ rCorr} (You found it on level 3 of the Depths)
 43339 | Depths:3 | Got a transparent scale mail
 43340 | Depths:3 | Identified the +4 scale mail of Ufa Exoo {rElec Str-4 Dex+9} (You found it on level 3 of the Depths)
 43703 | Depths:4 | Received a gift from Trog
 43710 | Depths:4 | Found a one-way gate to the infinite horrors of the Abyss.
 43713 | Depths:4 | Reached skill level 5 in Axes
 43854 | Depths:4 | Noticed a caustic shrike
 43866 | Depths:4 | Killed a caustic shrike
 44223 | Depths:4 | Noticed an ancient lich
 44414 | Depths:4 | Reached XP level 24. HP: 135/160 MP: 23/23
 45032 | Depths:4 | Received a gift from Trog
 45198 | Depths:4 | Reached skill level 23 in Shields
 45459 | Depths:4 | Killed an ancient lich
 45619 | Depths:5 | Entered Level 5 of the Depths
 45836 | Depths:5 | Received a gift from Trog
 46463 | Depths:5 | Found a gate to the Realm of Zot.
 46503 | Zot:1    | Entered Level 1 of the Realm of Zot
 46511 | Zot:1    | Reached XP level 25. HP: 145/168 MP: 23/23
 47991 | Zot:5    | Entered Level 5 of the Realm of Zot
 48377 | Zot:5    | Noticed an ancient lich
 48408 | Zot:5    | Killed from afar by an ancient lich

Vault maps used:
D:1:      matt_arrival_refuge, minmay_split_cup_large
D:2:      corner_web_ring, minmay_door_square
D:3:      tso_altar
D:4:      gup_sewer_entry_bubbles, serial_glass, glass_columns_c,
          glass_columns_a
D:5:      first_bread, lightli_ossuary_entry_decrepit_ruins, uniq_sigmund,
          uniq_menkaure, uniq_eustachio
D:7:      grunt_livestock, uniq_joseph
D:8:      serial_shops, shop
D:9:      david_lair_generic, grunt_ministairs_7, hangedman_misty_isle
D:10:     zombieorc2_lemuel, uniq_sonja
D:11:     nicolae_trove_entry_diagonal, minmay_holes
D:12:     serial_shops, nicolae_shop_behind_doors, shop_statue, shop, uniq_kirke
D:13:     uniq_nessos
D:14:     lightli_vaults_fourway_checkpoint, fountainhead
D:15:     hangedman_depths_entry_try_elsewhere_first, roderic_st_hans_cross,
          uniq_louise
Lair:2:   minmay_shoals_entry_lonely_mermaid, lab_entry_generic, special_room
Lair:3:   dragon1_lemuel, grunt_megastairs_1, infiniplex_staircase_pool_2
Lair:4:   beast_lair_carwin_large_4, nicolae_spider_entry_non_spiders
Lair:5:   lemuel_fruit_fields, uniq_josephine
Lair:6:   hangedman_lair_tendril_chambers, slime_altar_2,
          infiniplex_staircase_pool
Shoals:1: serial_shops, shop, wheals_shoals_ruined_temple
Shoals:2: nicolae_shoals_loop_pool
Shoals:3: serial_shops, nicolae_shop_overgrown_old_shop
Shoals:4: shoals_end_grunt_ice, shoals_ilsuiw_ice,
          nicolae_shoals_dead_sea_scrolls, uniq_nikola
Spider:1: uniq_roxanne
Spider:2: uniq_agnes
Spider:4: grunt_spider_rune_island, hangedman_spider_tarantella_strand,
          uniq_arachne
Orc:2:    st_orc_mages, basic_altar, portal_ice_cave_entry_imps,
          nooodl_orcs_dogs
Vaults:1: ontoclasm_vaults_pinch, st_eye, nicolae_vaults_big_ls, v_misc_17,
          v_misc_24, v_misc_10, nicolae_vaults_sealed_display, v_misc_14,
          nicolae_vaults_yaktaur_gun_rack, grunt_vaults_focal, v_misc_22,
          v_pattern_2, v_rooms_4, serial_shops,
          nicolae_shop_temple_entry_statues_fountains
Vaults:2: vaults_room_pools, minmay_crypt_entry_nasty_monster,
          ontoclasm_vaults_chip, hangedman_vaults_slice, v_misc_3,
          hangedman_vaults_impose, vaults_room_semicircle,
          ontoclasm_vaults_fire_temple, v_misc_5, v_alt_pattern_1, v_misc_26,
          v_alt_pattern_1, grunt_vaults_hallway_short, vaults_room_semicircle,
          nicolae_vaults_diagonal_hallway_7
Vaults:3: v_rooms_4, ontoclasm_vaults_chip,
          vaults_standard_mumra_enter_the_diamond, hangedman_vaults_slice,
          hangedman_vaults_capsules, hangedman_vaults_pinch, vaults_dpeg_hooks,
          vaults_room_hallway, uniq_donald
Vaults:4: ontoclasm_vaults_ring_small, vaults_room_octagon,
          ontoclasm_vaults_eye, grunt_vaults_funnel, vaults_room_large_hall,
          v_alt_pattern_2, v_alt_pattern_2, v_misc_5, vaults_mumra_chevron,
          hangedman_vaults_stagger, v_misc_22, v_misc_14,
          hangedman_vaults_corner_blocks, nicolae_vaults_little_squares_1,
          uniq_aizul, uniq_saint_roka
Vaults:5: serial_shops, uniq_bai_suzhen
Depths:1: serial_sigils_hangedman_gut, hellmouth_1, minmay_gold_behind_fungi,
          kennysheep_two_boxes, uniq_sojobo
Depths:2: minmay_gate_of_8, enter_ziggurat_e, minmay_misc_feat_more_columns,
          hell_entry, uniq_enchantress
Depths:3: kennysheep_four_of_diamonds, rand_demon_pan_entry_9, hell_entry,
          wad_floor_pattern_1
Depths:4: hangedman_pleasuredromes, abyss_entry, hell_entry
Depths:5: evilmike_zot_entry_hall, abyss_entry, pf_hell_entry_tar_river,
          serial_curves, eino_curves_02, eino_curves_01
Zot:1:    grunt_megastairs_5
Zot:5:    grunt_ministairs_10
Lab:      nicolae_lab_dead_adventurers, lab_block, nicolae_lab_grate_2,
          nicolae_lab_do_over, nicolae_lab_swirl, nicolae_lab_diamond
Sewer:    kennysheep_pipe_town
Ossuary:  ossuary_boxes_badplayer
IceCv:    ice_cave_small_necro

Skill      XL: |  1  2  3  4  5  6  7  8  9 10 11 12 13 14 15 16 17 18 19 20 21 22 23 24 25 |
---------------+----------------------------------------------------------------------------+-----
Maces & Flails | 4 5 6 7 8 10 11 13 14 15 16 17 18 19 20 | 20.9
Armour         | 3 4 5 6 7 9 10 11 12 13 14 16 18 | 18.4
Fighting       | 4 5 6 8 9 10 11 12 13 14 15 16 17 18 19 20 | 20.4
Dodging        | 4 5 6 8 9 10 11 12 13 | 13.2
Stealth        | 3 5 7 8 |  8.6
Shields        | 7 13 17 20 21 22 23 | 23.7
Axes           | 6 |  6.2

Action                   |  1- 3 |  4- 6 |  7- 9 | 10-12 | 13-15 | 16-18 | 19-21 | 22-24 | 25-27 || total
-------------------------+-------+-------+-------+-------+-------+-------+-------+-------+-------++-------
Melee: Mace              |   116 |   156 |       |       |       |       |       |       |       ||   272
       Whip              |       |   248 |    37 |       |       |       |       |    10 |       ||   295
       Flail             |       |       |   337 |       |       |       |       |       |       ||   337
       Great mace        |       |       |   161 |   583 |  1639 |   887 |       |       |       ||  3270
       Demon whip        |       |       |       |       |       |   627 |  1984 |  1857 |   455 ||  4923
       Broad axe         |       |       |       |       |       |       |       |    30 |       ||    30
Invok: Berserk           |     1 |     2 |     6 |     4 |    10 |     3 |     1 |     2 |     1 ||    30
       Trog's Hand       |       |       |     1 |     2 |     8 |     5 |     1 |     8 |     4 ||    29
       Burn Spellbooks   |       |       |       |     2 |     4 |     3 |     1 |     3 |       ||    13
       Brothers in Arms  |       |       |       |       |     2 |     8 |     2 |    14 |     4 ||    30
Evoke: Wand              |       |       |       |     1 |     5 |     1 |     1 |     1 |     1 ||    10
  Use: Scroll            |       |     6 |     4 |     9 |    23 |    29 |     6 |    21 |       ||    98
       Potion            |       |       |     1 |       |     1 |     1 |       |     7 |       ||    10
 Stab: Sleeping          |       |       |       |     1 |    18 |    21 |    21 |     4 |       ||    65
       Petrified         |       |       |       |       |     2 |       |       |       |       ||     2
       Distracted        |       |       |       |       |     1 |     4 |     5 |     4 |       ||    14
  Eat: Chunk             |     2 |     8 |    13 |    20 |    29 |    22 |    12 |    14 |     2 ||   122
       Fruit             |       |     1 |     3 |       |    12 |     3 |     6 |       |     4 ||    29
       Royal jelly       |       |       |     1 |       |       |     1 |       |     1 |       ||     3
       Beef jerky        |       |       |       |     2 |     3 |     4 |     4 |     4 |       ||    17
       Pizza             |       |       |       |       |     2 |     4 |       |       |       ||     6
       Meat ration       |       |       |       |       |     1 |       |     2 |     3 |     2 ||     8
Armor: Animal skin       |    26 |       |       |       |       |       |       |       |       ||    26
       Plate armour      |    56 |   402 |   327 |   159 |       |       |       |       |       ||   944
       Ring mail         |       |       |       |   183 |   452 |   382 |       |       |       ||  1017
       Steam dragon scal |       |       |       |    21 |       |       |       |       |       ||    21
       Robe              |       |       |       |       |   182 |   119 |   282 |       |       ||   583
       Fire dragon scale |       |       |       |       |       |       |    35 |    90 |       ||   125
       Scale mail        |       |       |       |       |       |       |       |   170 |   104 ||   274
Dodge: Dodged            |    69 |   189 |   152 |   334 |   933 |   641 |   398 |   311 |   106 ||  3133
Block: Other             |       |       |       |       |       |    75 |       |       |       ||    75
       Reflection        |       |       |       |       |       |    39 |    81 |    83 |       ||   203
       Large shield      |       |       |       |       |       |   598 |  1942 |  1750 |   493 ||  4783
